[Event "EIRCC 2019"]
[Site "Tallinn"]
[Date "2019.12.05"]
[Round "7.12"]
[White "Nguyen, Thai Dai Van"]
[Black "Lysyj, Igor"]
[Result "1/2-1/2"]
[ECO "D31"]
[WhiteElo "2364"]
[BlackElo "2599"]
[Annotator "ChessBase"]
[PlyCount "85"]
[EventDate "2019.12.05"]
[EventType "swiss"]
[EventCountry "EST"]
[SourceTitle "playchess.com"]
[Source "ChessBase"]
[SourceQuality "1"]
[TimeControl "900+10"]

1. d4 d5 2. c4 e6 3. Nc3 dxc4 4. e4 c5 5. d5 Nf6 6. Bxc4 exd5 7. Nxd5 Be6 8. Nxf6+ Qxf6 9. Bb5+ Nd7 10. Ne2 a6 11. Bxd7+ Bxd7 12. Nc3 Bd6 13. O-O O-O 14. Be3 Rfd8 15. Qh5 Qg6 16. Qxg6 hxg6 17. Rfd1 Bc6 18. Nd5 Bf8 19. Nb6 Rxd1+ 20. Rxd1 Re8 21. Nd7 Rxe4 22. Nxf8 Kxf8 23. Bxc5+ Kg8 24. Be3 Rg4 25. g3 Rc4 26. Rc1 Re4 27. Rc3 f6 28. f3 Ra4 29. Ra3 Rc4 30. Rc3 Rxc3 31. bxc3 Bxf3 32. a4 Kf7 33. Kf2 Bd5 34. h4 Ke6 35. Bc5 Bc6 36. a5 Bb5 37. Ke3 Kf7 38. Kf4 Bc6 39. Ke3 g5 40. hxg5 fxg5 41. Bd4 g6 42. Bb6 Ke6 43. Kd4 {[%emt 0:00:11] Ke5+} 1/2-1/2

[Event "EIRCC 2019"]
[Site "Tallinn"]
[Date "2019.12.05"]
[Round "7.13"]
[White "Sebenik, Matej"]
[Black "Pohjala, Henri"]
[Result "1-0"]
[ECO "D45"]
[WhiteElo "2504"]
[BlackElo "2418"]
[Annotator "ChessBase"]
[PlyCount "39"]
[EventDate "2019.12.05"]
[EventType "swiss"]
[EventCountry "EST"]
[SourceTitle "playchess.com"]
[Source "ChessBase"]
[SourceQuality "1"]
[TimeControl "900+10"]

1. Nf3 d5 2. d4 Nf6 3. c4 c6 4. Nc3 a6 5. e3 e6 6. b3 Nbd7 7. Bd3 b6 8. O-O Bb7 9. Bb2 Be7 10. Qc2 O-O 11. Ne5 dxc4 12. bxc4 c5 13. Rad1 Qc7 14. Nxd7 Qxd7 15. d5 exd5 16. Nxd5 Bxd5 17. cxd5 h6 18. e4 c4 19. Bxc4 Rfc8 20. Qe2 1-0

[Event "EIRCC 2019"]
[Site "Tallinn"]
[Date "2019.12.05"]
[Round "7.14"]
[White "Postny, Evgeny"]
[Black "Smirnov, Artem"]
[Result "1-0"]
[ECO "E11"]
[WhiteElo "2598"]
[BlackElo "2337"]
[Annotator "ChessBase"]
[PlyCount "103"]
[EventDate "2019.12.05"]
[EventType "swiss"]
[EventCountry "EST"]
[SourceTitle "playchess.com"]
[Source "ChessBase"]
[SourceQuality "1"]
[TimeControl "900+10"]

1. d4 Nf6 2. c4 e6 3. Nf3 Bb4+ 4. Nbd2 O-O 5. a3 Be7 6. e4 d6 7. Be2 Nfd7 8. b3 e5 9. Bb2 exd4 10. Nxd4 Bf6 11. Qc2 Nc6 12. N4f3 Bxb2 13. Qxb2 Qf6 14. Qxf6 Nxf6 15. O-O-O Ng4 16. Rhf1 f5 17. h3 Nge5 18. Nxe5 dxe5 19. exf5 Bxf5 20. Bf3 Nd4 21. Bd5+ Kh8 22. Nf3 Nxb3+ 23. Kb2 Nc5 24. Nxe5 c6 25. Bf3 Rae8 26. Rfe1 Kg8 27. Kc3 g6 28. Re3 Kg7 29. h4 Rd8 30. Rxd8 Rxd8 31. g4 Be6 32. Be2 a5 33. Nd3 Nxd3 34. Bxd3 Kf7 35. g5 b6 36. f4 c5 37. h5 Bg4 38. hxg6+ hxg6 39. Re1 Rd4 40. Be4 Kg7 41. Bd5 Kf8 42. Rb1 Rxf4 43. Rxb6 Bf5 44. Rc6 Rg4 45. Rxc5 Rg3+ 46. Kd4 Rxa3 47. Ke5 Ke7 48. Rc7+ Ke8 49. c5 a4 50. Ra7 Re3+ 51. Kd6 a3 52. Ra8+ 1-0

[Event "EIRCC 2019"]
[Site "Tallinn"]
[Date "2019.12.05"]
[Round "7.15"]
[White "Seeman, Tarvo"]
[Black "Sanal, Vahap"]
[Result "1-0"]
[ECO "A04"]
[WhiteElo "2325"]
[BlackElo "2597"]
[Annotator "ChessBase"]
[PlyCount "101"]
[EventDate "2019.12.05"]
[EventType "swiss"]
[EventCountry "EST"]
[SourceTitle "playchess.com"]
[Source "ChessBase"]
[SourceQuality "1"]
[TimeControl "900+10"]

1. Nf3 g6 2. g3 Bg7 3. d4 c5 4. c3 Qc7 5. Bg2 Nf6 6. O-O O-O 7. a4 d6 8. Na3 Nbd7 9. Re1 Ne4 10. Ng5 Nxg5 11. Bxg5 Re8 12. Qd2 a6 13. Bh6 Bh8 14. b4 cxb4 15. cxb4 Rb8 16. Rac1 Qd8 17. Nc4 b6 18. Bc6 Bb7 19. d5 Bxc6 20. dxc6 Nf6 21. b5 Qc7 22. e4 Red8 23. Bf4 axb5 24. axb5 Ne8 25. Be3 Ng7 26. Bd4 Ne6 27. Bxh8 Kxh8 28. Ne3 Rdc8 29. Nd5 Qd8 30. Ra1 Nc7 31. Nxc7 Rxc7 32. Ra6 Kg8 33. h4 h5 34. Rd1 Qc8 35. Rda1 f5 36. e5 Qe6 37. exd6 exd6 38. Re1 Qc4 39. Qxd6 Qc3 40. Raa1 Qg7 41. Ra7 Rbc8 42. Rxc7 Rxc7 43. Qe5 Qxe5 44. Rxe5 Kf7 45. Rd5 Ra7 46. Rd8 Ke7 47. Rb8 Kd6 48. Rxb6 Kc7 49. Ra6 Rxa6 50. bxa6 Kxc6 51. Kg2 1-0

[Event "EIRCC 2019"]
[Site "Tallinn"]
[Date "2019.12.05"]
[Round "7.16"]
[White "Shubin, Kirill"]
[Black "Aleksandrov, Aleksej"]
[Result "1-0"]
[ECO "C95"]
[WhiteElo "2321"]
[BlackElo "2576"]
[Annotator "ChessBase"]
[PlyCount "97"]
[EventDate "2019.12.05"]
[EventType "swiss"]
[EventCountry "EST"]
[SourceTitle "playchess.com"]
[Source "ChessBase"]
[SourceQuality "1"]
[TimeControl "900+10"]

1. e4 e5 2. Nf3 Nc6 3. Bb5 a6 4. Ba4 Nf6 5. O-O Be7 6. Re1 b5 7. Bb3 d6 8. c3 O-O 9. h3 Nb8 10. d4 Nbd7 11. Nbd2 c5 12. d5 c4 13. Bc2 Nc5 14. b4 cxb3 15. axb3 Bd7 16. Ba3 Qc7 17. c4 a5 18. cxb5 Bxb5 19. Nf1 Rfc8 20. Ng3 Bf8 21. Qd2 Nfd7 22. Rec1 Qb6 23. Bb2 g6 24. Ra3 Nb7 25. Rca1 Bh6 26. Qd1 Rc7 27. Ne1 Rac8 28. Ne2 Ndc5 29. Nc3 Bd7 30. Bd3 a4 31. b4 Qxb4 32. Rb1 Nb3 33. Nc2 Qa5 34. Na2 N7c5 35. Bc3 Qb6 36. Na1 Nxd3 37. Qxd3 Bb5 38. Qf3 Nxa1 39. Bxa1 Qa6 40. Nc3 Be8 41. Kh2 Qa5 42. Qf6 Qc5 43. Bb2 Rb8 44. Nxa4 Bxa4 45. Rxa4 Qc2 46. Bxe5 Bf4+ 47. Bxf4 Qxb1 48. Bh6 Qb2 49. Qxb2 1-0

[Event "EIRCC 2019"]
[Site "Tallinn"]
[Date "2019.12.05"]
[Round "7.17"]
[White "Kononenko, Dmitry"]
[Black "Stupak, Kirill"]
[Result "0-1"]
[ECO "A37"]
[WhiteElo "2277"]
[BlackElo "2552"]
[Annotator "ChessBase"]
[PlyCount "68"]
[EventDate "2019.12.05"]
[EventType "swiss"]
[EventCountry "EST"]
[SourceTitle "playchess.com"]
[Source "ChessBase"]
[SourceQuality "1"]
[TimeControl "900+10"]

1. Nf3 g6 2. c4 Bg7 3. g3 c5 4. Bg2 Nc6 5. Nc3 e6 6. O-O Nge7 7. d3 O-O 8. Bd2 d5 9. Rb1 b6 10. a3 Bb7 11. cxd5 exd5 12. b4 cxb4 13. axb4 d4 14. Ne4 Nd5 15. b5 Nce7 16. Qb3 Qd7 17. Rfc1 h6 18. Qa3 Rfd8 19. Bb4 Nxb4 20. Rxb4 f5 21. Ned2 Bd5 22. Nb3 Bf8 23. Rxd4 Qe6 24. Nfd2 Bxg2 25. Kxg2 Nd5 26. Qa4 Bg7 27. Rdc4 Qxe2 28. Kg1 Qxd3 29. Re1 Re8 30. Rcc1 Nc3 31. Rxe8+ Rxe8 32. Qb4 Ne2+ 33. Kg2 Nxc1 34. Nxc1 Qc3 0-1

[Event "EIRCC 2019"]
[Site "Tallinn"]
[Date "2019.12.05"]
[Round "7.18"]
[White "Ruck, Robert"]
[Black "Dordzhieva, Dinara"]
[Result "1/2-1/2"]
[ECO "A05"]
[WhiteElo "2551"]
[BlackElo "2310"]
[Annotator "ChessBase"]
[PlyCount "80"]
[EventDate "2019.12.05"]
[EventType "swiss"]
[EventCountry "EST"]
[SourceTitle "playchess.com"]
[Source "ChessBase"]
[SourceQuality "1"]
[TimeControl "900+10"]

1. Nf3 Nf6 2. c4 e6 3. Nc3 d5 4. d4 dxc4 5. e4 Bb4 6. Bg5 h6 7. Bxf6 Qxf6 8. Bxc4 c5 9. O-O cxd4 10. Nb5 Qe7 11. Qxd4 O-O 12. Nxa7 Bc5 13. Nxc8 Rxc8 14. Qd3 Nc6 15. Qe2 Rd8 16. Rad1 Rxd1 17. Rxd1 Rd8 18. Rxd8+ Qxd8 19. Qd2 Qxd2 20. Nxd2 Bd4 21. b3 Nb4 22. a4 Kf8 23. Nf3 Bc3 24. Kf1 Nc6 25. Ke2 Nb4 26. Ke3 Ke7 27. Nd4 g5 28. g3 Nc6 29. Ne2 Bb4 30. f4 gxf4+ 31. gxf4 Bc5+ 32. Kd3 Nb4+ 33. Kc3 Na2+ 34. Kb2 Nb4 35. Bb5 f5 36. exf5 exf5 37. Kc3 Bd6 38. Kc4 Nc2 39. Kd3 Ne1+ 40. Ke3 Bc5+ {[%emt 0:01:09] Ke4} 1/2-1/2

[Event "EIRCC 2019"]
[Site "Tallinn"]
[Date "2019.12.05"]
[Round "7.19"]
[White "Stocek, Jiri"]
[Black "Kukk, Sander"]
[Result "0-1"]
[ECO "E92"]
[WhiteElo "2532"]
[BlackElo "2313"]
[Annotator "ChessBase"]
[PlyCount "142"]
[EventDate "2019.12.05"]
[EventType "swiss"]
[EventCountry "EST"]
[SourceTitle "playchess.com"]
[Source "ChessBase"]
[SourceQuality "1"]
[TimeControl "900+10"]

1. d4 g6 2. c4 Bg7 3. Nf3 Nf6 4. Nc3 O-O 5. e4 d6 6. Be2 e5 7. Be3 exd4 8. Nxd4 Nc6 9. O-O Re8 10. Nxc6 bxc6 11. Bf3 Rb8 12. Qd2 c5 13. Bg5 Bb7 14. Rfe1 Qc8 15. h3 Nd7 16. Bg4 h5 17. Bxd7 Qxd7 18. Rac1 Bc6 19. b3 a5 20. Bh6 Bh8 21. Qd3 a4 22. bxa4 Bxa4 23. Bd2 Bc6 24. f3 Qe7 25. Ne2 Rb2 26. Rc2 Rb6 27. Bc3 Bxc3 28. Nxc3 Qe5 29. Rf2 Ra8 30. Qc2 Rb4 31. Nb1 Qd4 32. Rd1 Qxc4 33. Qxc4 Rxc4 34. Rb2 Bd7 35. e5 Ra6 36. exd6 cxd6 37. Nd2 Rd4 38. Ra1 Be6 39. Ne4 Kg7 40. Kf2 f5 41. Nc3 Rc4 42. Nb5 Rb6 43. Rab1 Bd7 44. Na3 Rxb2+ 45. Rxb2 Ra4 46. Rb7 Rxa3 47. Rxd7+ Kh6 48. Rxd6 Rxa2+ 49. Kg3 h4+ 50. Kxh4 Rxg2 51. Rc6 Rc2 52. Kg3 c4 53. Kf4 c3 54. Rc7 Rc1 55. Rc8 Kg7 56. Ke3 Kf6 57. f4 Rh1 58. Rc6+ Kg7 59. Kd4 Rxh3 60. Rc8 Rf3 61. Ke5 Re3+ 62. Kd5 Re4 63. Rxc3 Rxf4 64. Rc7+ Kf6 65. Rc6+ Kg5 66. Rc1 Re4 67. Rg1+ Kf6 68. Ra1 Re5+ 69. Kd4 g5 70. Ra6+ Re6 71. Ra8 g4 0-1

[Event "EIRCC 2019"]
[Site "Tallinn"]
[Date "2019.12.05"]
[Round "7.21"]
[White "Khakimov, Timur"]
[Black "Ionov, Sergey"]
[Result "0-1"]
[ECO "D00"]
[WhiteElo "2253"]
[BlackElo "2480"]
[Annotator "ChessBase"]
[PlyCount "76"]
[EventDate "2019.12.05"]
[EventType "swiss"]
[EventCountry "EST"]
[SourceTitle "playchess.com"]
[Source "ChessBase"]
[SourceQuality "1"]
[TimeControl "900+10"]

1. d4 d5 2. Nc3 Nf6 3. Bf4 a6 4. e3 e6 5. Nf3 c5 6. dxc5 Bxc5 7. Bd3 Nc6 8. O-O O-O 9. e4 d4 10. Ne2 Nh5 11. e5 Qc7 12. Re1 Bb4 13. Bd2 Bxd2 14. Qxd2 Nxe5 15. Nxe5 Qxe5 16. Nxd4 Qc7 17. Qg5 Nf4 18. Re3 f6 19. Qh4 Nxd3 20. Rxd3 e5 21. Rc3 Qb6 22. Nb3 Be6 23. Rd3 Rac8 24. Rd2 Rfd8 25. Rad1 Rxd2 26. Rxd2 Rd8 27. Qh5 g6 28. Qd1 Rxd2 29. Qxd2 Qc7 30. h4 Kg7 31. Qb4 b6 32. c3 a5 33. Qe4 Qd7 34. Kh2 a4 35. Nc1 Qd2 36. Nd3 Bf5 37. Qb7+ Kh6 38. Qf7 Bxd3 0-1

[Event "EIRCC 2019"]
[Site "Tallinn"]
[Date "2019.12.05"]
[Round "7.22"]
[White "Cerveny, Martin"]
[Black "Chukavin, Kirill"]
[Result "1/2-1/2"]
[ECO "A46"]
[WhiteElo "2432"]
[BlackElo "2290"]
[Annotator "NA"]
[PlyCount "157"]
[EventDate "2019.12.05"]
[EventType "swiss"]
[EventCountry "EST"]
[SourceTitle "playchess.com"]
[Source "ChessBase"]
[SourceQuality "1"]
[TimeControl "900+10"]

1. d4 Nf6 2. Nf3 d5 3. c4 e6 4. g3 dxc4 5. Qa4+ Nbd7 6. Bg2 a6 7. Qxc4 b5 8. Qc2 Bb7 9. Be3 Rc8 10. O-O c5 11. dxc5 Bxc5 12. Bxc5 Nxc5 13. Rd1 Qb6 14. Qd2 O-O 15. Qe1 Rfd8 16. Nbd2 h6 17. b4 Nce4 18. Nxe4 Nxe4 19. Rxd8+ Rxd8 20. Rc1 Qd6 21. a3 Nd2 22. Qxd2 Qxd2 23. Nxd2 Bxg2 24. Nb3 Bd5 25. Nc5 Bc4 26. e3 Rd6 27. e4 g5 28. h3 Kg7 29. Kg2 Kf6 30. a4 Ke5 31. a5 Rd2 32. Nxa6 Kxe4 33. Nc7 Ke5 34. a6 Ra2 35. Rd1 Bd5+ 36. Kg1 Bf3 37. Re1+ Kf6 38. g4 Ke7 39. Nxb5 Rxa6 40. Nd4 Bd5 41. Nf5+ Kf6 42. Ne3 Ra4 43. Nxd5+ exd5 44. Rb1 Ke5 45. b5 Ra7 46. Kf1 Rb7 47. Ke2 Kd4 48. Kd2 Kc5 49. Rc1+ Kxb5 50. Kd3 Re7 51. Kd4 Re2 52. Kxd5 Rxf2 53. Rb1+ Ka5 54. Ke5 Rf3 55. Rh1 Kb5 56. h4 Rf4 57. hxg5 hxg5 58. Rg1 Kc4 59. Rg3 f6+ 60. Ke6 Kd4 61. Kf7 Ke5 62. Kg6 Re4 63. Rg1 Rf4 64. Kh5 Kd4 65. Re1 Re4 66. Rf1 Rf4 67. Re1 Re4 68. Rf1 Ke5 69. Rf5+ Ke6 70. Rf1 Kf7 71. Ra1 Re8 72. Ra7+ Re7 73. Ra6 Kg7 74. Rb6 Rf7 75. Ra6 Kh7 76. Rb6 Kg7 77. Ra6 Rf8 78. Ra7+ Rf7 79. Ra6 1/2-1/2

[Event "EIRCC 2019"]
[Site "Tallinn"]
[Date "2019.12.05"]
[Round "7.23"]
[White "Shapiro, Viktor"]
[Black "Usmanov, Vasily"]
[Result "0-1"]
[ECO "A06"]
[WhiteElo "2231"]
[BlackElo "2428"]
[Annotator "NA"]
[PlyCount "90"]
[EventDate "2019.12.05"]
[EventType "swiss"]
[EventCountry "EST"]
[SourceTitle "playchess.com"]
[Source "ChessBase"]
[SourceQuality "1"]
[TimeControl "900+10"]

1. Nf3 d5 2. g3 g6 3. Bg2 Bg7 4. O-O e5 5. d3 Ne7 6. Nbd2 O-O 7. c4 Nbc6 8. Rb1 a5 9. a3 a4 10. b4 axb3 11. Qxb3 d4 12. e3 Nf5 13. Ne4 Qe7 14. Re1 Rd8 15. g4 Nh4 16. Nxh4 Qxh4 17. h3 f5 18. gxf5 gxf5 19. Nc5 dxe3 20. Bxe3 f4 21. Nxb7 fxe3 22. fxe3 Rb8 23. Bxc6 Qg3+ 24. Kh1 Qxh3+ 25. Kg1 Qg4+ 26. Bg2 Bxb7 27. c5+ Kh8 28. Qc2 Bxg2 29. Qxg2 Qxg2+ 30. Kxg2 Rxb1 31. Rxb1 Bf8 32. d4 exd4 33. exd4 Rxd4 34. Rb8 Rg4+ 35. Kf3 Rg8 36. Rb5 Rg5 37. a4 Rxc5 38. Rb8 Kg7 39. Ra8 h5 40. a5 Bd6 41. a6 Ra5 42. a7 Ra3+ 43. Kg2 h4 44. Kh1 Ra2 45. Kg1 Rxa7 0-1

[Event "EIRCC 2019"]
[Site "Tallinn"]
[Date "2019.12.05"]
[Round "7.24"]
[White "Gretarsson, Helgi Ass"]
[Black "Mickevicius, Juras"]
[Result "1/2-1/2"]
[ECO "A05"]
[WhiteElo "2421"]
[BlackElo "2288"]
[Annotator "NA"]
[PlyCount "131"]
[EventDate "2019.12.05"]
[EventType "swiss"]
[EventCountry "EST"]
[SourceTitle "playchess.com"]
[Source "ChessBase"]
[SourceQuality "1"]
[TimeControl "900+10"]

1. Nf3 Nf6 2. g3 d5 3. Bg2 e6 4. O-O Be7 5. b3 O-O 6. Bb2 b6 7. c4 c6 8. d3 Bb7 9. Nbd2 dxc4 10. bxc4 c5 11. Qb3 Nc6 12. Bc3 Nd7 13. Qb2 Bf6 14. Rfc1 Bxc3 15. Rxc3 Qc7 16. Nb3 e5 17. Ne1 Nd4 18. e3 Bxg2 19. Kxg2 Ne6 20. Qe2 f5 21. Nd2 Nf6 22. a4 Rae8 23. a5 f4 24. axb6 axb6 25. Rca3 fxe3 26. fxe3 e4 27. Nxe4 Nxe4 28. dxe4 Ng5 29. Qg4 Qe5 30. Nd3 Qxe4+ 31. Qxe4 Rxe4 32. h4 Ne6 33. Nb2 g5 34. hxg5 Nxg5 35. Rd3 Rfe8 36. Raa3 Nf7 37. Rab3 Ne5 38. Rd6 Nxc4 39. Nxc4 Rxc4 40. Rbxb6 Rce4 41. Rbc6 Rxe3 42. Rxc5 R3e6 43. Rdd5 Rg6 44. Rd7 Rg7 45. Rd3 Rf8 46. Kh3 Rg6 47. g4 Kg7 48. Rh5 Rf7 49. Kh4 Ra6 50. Rd4 Rb6 51. Rdd5 Rc6 52. Rdg5+ Rg6 53. Rxg6+ Kxg6 54. Rb5 Rf6 55. Rg5+ Kf7 56. Kh5 Rc6 57. Ra5 Rd6 58. Ra7+ Kg8 59. Kg5 Rc6 60. Kf5 Rb6 61. Re7 Ra6 62. g5 Rb6 63. Kg4 Ra6 64. Kh5 Rb6 65. Ra7 Rc6 66. Rd7 1/2-1/2

[Event "EIRCC 2019"]
[Site "Tallinn"]
[Date "2019.12.05"]
[Round "7.25"]
[White "Van Foreest, Lucas"]
[Black "Nasibullin, Iskander"]
[Result "0-1"]
[ECO "B40"]
[WhiteElo "2399"]
[BlackElo "2270"]
[Annotator "NA"]
[PlyCount "184"]
[EventDate "2019.12.05"]
[EventType "swiss"]
[EventCountry "EST"]
[SourceTitle "playchess.com"]
[Source "ChessBase"]
[SourceQuality "1"]
[TimeControl "900+10"]

1. e4 c5 2. Nf3 e6 3. d4 cxd4 4. Nxd4 Nf6 5. Nc3 Bb4 6. e5 Nd5 7. Bd2 Bxc3 8. bxc3 O-O 9. c4 Ne7 10. Bb4 Nbc6 11. Nxc6 Nxc6 12. Bxf8 Qa5+ 13. Ke2 Qxe5+ 14. Kd2 Kxf8 15. Bd3 Qg5+ 16. Ke2 d5 17. h4 Qe5+ 18. Kf1 dxc4 19. Bxc4 b5 20. Bd3 Bb7 21. Rb1 a6 22. Qe1 Qf6 23. a4 Rd8 24. axb5 axb5 25. Rh3 Nd4 26. Qa5 h5 27. Qb6 Bd5 28. Rb4 Bc4 29. Bxc4 bxc4 30. Qc5+ Kg8 31. Qxc4 Nf5 32. Rd3 Qa1+ 33. Ke2 Ra8 34. Rd1 Qe5+ 35. Qe4 Qa5 36. Kf1 Rc8 37. Kg1 Qc5 38. Rc1 Ng3 39. Qe1 Ne2+ 40. Qxe2 Qxb4 41. c4 Qc5 42. g3 g6 43. Qe4 Kg7 44. Qf4 Rd8 45. Qf3 Rd4 46. Qe3 e5 47. Qe2 Kf6 48. Rb1 Rxc4 49. Qf3+ Kg7 50. Rb7 Rc1+ 51. Kh2 Qc4 52. Qe3 Kg8 53. Qxe5 Rh1+ 54. Kxh1 Qc6+ 55. Kh2 Qxb7 56. Qd4 Qf3 57. Kg1 Qf5 58. Kg2 Kh7 59. Qc4 Kg8 60. f3 Qf6 61. Qe2 Qd6 62. Qf2 Qd5 63. Qc2 Kg7 64. Qb2+ Kg8 65. Kf2 Qc5+ 66. Ke2 Qc4+ 67. Ke3 Qc5+ 68. Qd4 Qc1+ 69. Ke4 Qe1+ 70. Kf4 Qc1+ 71. Ke5 Qe1+ 72. Kf6 Qe6+ 73. Kg5 Kh7 74. Kf4 Qf5+ 75. Ke3 Qe6+ 76. Qe4 Qb3+ 77. Kf4 Qc3 78. Qd5 Qf6+ 79. Ke4 Qe7+ 80. Kd4 Qb4+ 81. Kd3 Qa3+ 82. Kd4 Qb2+ 83. Kc5 Qc3+ 84. Kd6 Qf6+ 85. Kd7 Kg8 86. f4 Qa1 87. Ke7 Qa3+ 88. Kf6 Qc3+ 89. Qe5 Qc6+ 90. Kg5 Kh7 91. f5 f6+ 92. Qxf6 Qc1# 0-1

[Event "EIRCC 2019"]
[Site "Tallinn"]
[Date "2019.12.05"]
[Round "7.26"]
[White "Vlassow, Valentin"]
[Black "Murashova, Ekaterina"]
[Result "1-0"]
[ECO "C58"]
[WhiteElo "2394"]
[BlackElo "2196"]
[Annotator "NA"]
[PlyCount "87"]
[EventDate "2019.12.05"]
[EventType "swiss"]
[EventCountry "EST"]
[SourceTitle "playchess.com"]
[Source "ChessBase"]
[SourceQuality "1"]
[TimeControl "900+10"]

1. e4 e5 2. Nf3 Nc6 3. Bc4 Nf6 4. Ng5 d5 5. exd5 Na5 6. d3 h6 7. Nf3 Bg4 8. h3 Bxf3 9. Qxf3 e4 10. Qe2 Nxc4 11. dxc4 Bd6 12. Nc3 O-O 13. Be3 Be5 14. O-O Re8 15. Rad1 Bxc3 16. bxc3 Qe7 17. c5 Red8 18. c4 Nd7 19. d6 cxd6 20. cxd6 Qe6 21. c5 Qxa2 22. Qb5 Rac8 23. c4 a6 24. Qb4 Ne5 25. Qxb7 Qxc4 26. Rc1 Qa4 27. c6 Rxc6 28. Qe7 Rcxd6 29. Qxe5 Rd5 30. Qb2 Rd1 31. Qe2 Rxf1+ 32. Qxf1 Rd3 33. Qe2 Qb5 34. Qg4 Qd5 35. Bxh6 g6 36. Bf4 Kg7 37. Kh2 Qf5 38. Qxf5 gxf5 39. Rc6 Ra3 40. Be5+ Kg8 41. h4 e3 42. Rc8+ Kh7 43. h5 f6 44. Bxf6 1-0

[Event "EIRCC 2019"]
[Site "Tallinn"]
[Date "2019.12.05"]
[Round "7.27"]
[White "Kourousis, Epaminondas"]
[Black "Varvadoukas, Theodoros"]
[Result "1-0"]
[ECO "A04"]
[WhiteElo "2392"]
[BlackElo "2146"]
[Annotator "NA"]
[PlyCount "113"]
[EventDate "2019.12.05"]
[EventType "swiss"]
[EventCountry "EST"]
[SourceTitle "playchess.com"]
[Source "ChessBase"]
[SourceQuality "1"]
[TimeControl "900+10"]

1. Nf3 g6 2. g3 Bg7 3. Bg2 d6 4. d4 c5 5. O-O cxd4 6. Nxd4 Nf6 7. c4 Qc7 8. b3 Nc6 9. Nc3 Nxd4 10. Qxd4 O-O 11. Bb2 Be6 12. Qd2 Rfc8 13. Rfd1 a6 14. Rac1 Rab8 15. h4 Qa5 16. a4 Qb4 17. Nd5 Qxd2 18. Rxd2 Nxd5 19. Bxg7 Kxg7 20. Bxd5 b5 21. axb5 axb5 22. Ra1 Bxd5 23. cxd5 Rc3 24. Ra7 Kf8 25. Rd3 b4 26. Re3 Rxe3 27. fxe3 Rb5 28. Kf2 f5 29. Kf3 Kf7 30. Ra4 Kf6 31. Kf4 h6 32. e4 g5+ 33. hxg5+ hxg5+ 34. Ke3 Ke5 35. Ra7 fxe4 36. Rxe7+ Kxd5 37. Rxe4 Rb7 38. Rg4 Re7+ 39. Kd3 Kc5 40. Rxg5+ d5 41. Rg8 Re4 42. e3 Kd6 43. Rh8 Rg4 44. Rh3 Ke5 45. Ke2 d4 46. Rh4 Rxg3 47. Rxd4 Rg1 48. Rxb4 Rb1 49. Kd2 Kd5 50. Rd4+ Kc5 51. Rd3 Kb4 52. e4 Rh1 53. e5 Rh5 54. e6 Rh7 55. Re3 Re7 56. Re5 Kxb3 57. Kd3 1-0

[Event "EIRCC 2019"]
[Site "Tallinn"]
[Date "2019.12.05"]
[Round "7.28"]
[White "Krupenski, Juri"]
[Black "Zabolotnov, Evgeny"]
[Result "0-1"]
[ECO "D10"]
[WhiteElo "2373"]
[BlackElo "2021"]
[Annotator "NA"]
[PlyCount "72"]
[EventDate "2019.12.05"]
[EventType "swiss"]
[EventCountry "EST"]
[SourceTitle "playchess.com"]
[Source "ChessBase"]
[SourceQuality "1"]
[TimeControl "900+10"]

1. d4 d5 2. c4 c6 3. Nc3 Nf6 4. e3 Bf5 5. cxd5 cxd5 6. Qb3 Nc6 7. Qxb7 Bd7 8. Qb3 Rb8 9. Qd1 e5 10. Nge2 Bd6 11. dxe5 Nxe5 12. Nd4 O-O 13. Be2 Qe7 14. O-O Rfc8 15. Ndb5 Bc5 16. b3 a6 17. Nd4 Bb4 18. Nb1 Rb6 19. Bb2 Ne4 20. Nf3 Nxf3+ 21. Bxf3 Rg6 22. Qd4 Bd6 23. g3 Rc2 24. Bxe4 dxe4 25. Nd2 Bc5 26. Qd5 Bc6 27. Qf5 Rxd2 28. Rac1 Rxb2 29. Rxc5 Bd7 30. Qd5 h6 31. Rc7 Rd6 32. Qc5 Qf6 33. Ra7 Rdd2 34. Ra8+ Kh7 35. Qf8 Rxf2 36. Qh8+ Kg6 0-1

[Event "EIRCC 2019"]
[Site "Tallinn"]
[Date "2019.12.05"]
[Round "7.29"]
[White "Lazavik, Denis"]
[Black "Shishkov, Andrei"]
[Result "1-0"]
[ECO "D30"]
[WhiteElo "2201"]
[BlackElo "2352"]
[Annotator "NA"]
[PlyCount "79"]
[EventDate "2019.12.05"]
[EventType "swiss"]
[EventCountry "EST"]
[SourceTitle "playchess.com"]
[Source "ChessBase"]
[SourceQuality "1"]
[TimeControl "900+10"]

1. d4 d5 2. c4 e6 3. Nf3 a6 4. cxd5 exd5 5. Nc3 Nf6 6. Bg5 Be6 7. e3 Nbd7 8. Bd3 Bd6 9. O-O c6 10. Bf4 Qc7 11. Bxd6 Qxd6 12. Qc2 Bg4 13. Nh4 O-O 14. f4 Qe7 15. Qf2 Ne4 16. Bxe4 dxe4 17. f5 g5 18. f6 Qe6 19. Nf5 Qxf6 20. Nxe4 Qxf5 21. Qxf5 Bxf5 22. Rxf5 f6 23. Nd6 b6 24. e4 c5 25. e5 cxd4 26. e6 Ne5 27. e7 Rfe8 28. Nxe8 Rxe8 29. Rxf6 Rxe7 30. Rd1 d3 31. Rxb6 Ng4 32. Rd6 Re2 33. R6xd3 Rxb2 34. R3d2 Rb6 35. Rd7 Rb2 36. Rc1 Rb8 37. Rdc7 Rb2 38. Ra7 Rb8 39. Rxa6 Ne3 40. Re6 1-0

[Event "EIRCC 2019"]
[Site "Tallinn"]
[Date "2019.12.05"]
[Round "7.30"]
[White "Duzhakov, Ilya"]
[Black "Silich, Yahor"]
[Result "1/2-1/2"]
[ECO "E61"]
[WhiteElo "2351"]
[BlackElo "1975"]
[Annotator "NA"]
[PlyCount "97"]
[EventDate "2019.12.05"]
[EventType "swiss"]
[EventCountry "EST"]
[SourceTitle "playchess.com"]
[Source "ChessBase"]
[SourceQuality "1"]
[TimeControl "900+10"]

1. d4 Nf6 2. c4 g6 3. Nc3 Bg7 4. Bg5 O-O 5. e3 c5 6. Nf3 cxd4 7. exd4 d5 8. Bxf6 Bxf6 9. Nxd5 Bg7 10. Be2 Nc6 11. Qd2 e6 12. Nc3 Nxd4 13. Nxd4 Qxd4 14. Qxd4 Bxd4 15. Bf3 e5 16. Rc1 Bf5 17. b3 e4 18. Be2 e3 19. f4 Rad8 20. Nd5 Bb2 21. Rd1 Bc2 22. Ne7+ Kg7 23. Rxd8 Bc3+ 24. Kf1 Rxd8 25. Nd5 Bd2 26. h4 Be4 27. Bf3 Bxf3 28. gxf3 b5 29. Ke2 bxc4 30. bxc4 Rc8 31. Kd3 Rc5 32. Rb1 Ra5 33. Rb2 Ra3+ 34. Ke2 Ra4 35. Rc2 Ra6 36. c5 Rc6 37. a3 Kf8 38. Nxe3 Bxe3 39. Kxe3 Ke7 40. a4 Kd7 41. Kd4 Rf6 42. Ke4 Kc6 43. h5 gxh5 44. Rh2 Rh6 45. Kf5 Kxc5 46. Kg5 Rg6+ 47. Kf5 Rh6 48. Kg5 Rg6+ 49. Kf5 1/2-1/2

[Event "EIRCC 2019"]
[Site "Tallinn"]
[Date "2019.12.05"]
[Round "7.32"]
[White "Wallin, Aleksi"]
[Black "Popov, Valerij"]
[Result "1-0"]
[ECO "E20"]
[WhiteElo "2219"]
[BlackElo "2583"]
[Annotator "ChessBase"]
[PlyCount "73"]
[EventDate "2019.12.05"]
[EventType "swiss"]
[EventCountry "EST"]
[SourceTitle "playchess.com"]
[Source "ChessBase"]
[SourceQuality "1"]
[TimeControl "900+10"]

1. d4 Nf6 2. c4 e6 3. Nc3 Bb4 4. f3 Nc6 5. Bg5 h6 6. Bh4 O-O 7. e4 e5 8. d5 Nd4 9. Nge2 c5 10. dxc6 dxc6 11. a3 Be7 12. Bg3 Nxe2 13. Bxe2 Qc7 14. Bf2 Nd7 15. b4 Rd8 16. Qb3 Nf8 17. O-O Ne6 18. Rfd1 Nd4 19. Qb2 Be6 20. Bf1 b6 21. Rac1 Bg5 22. Rb1 Rd7 23. b5 cxb5 24. Nxb5 Nxb5 25. Rxd7 Bxd7 26. cxb5 Rc8 27. a4 Be6 28. h4 Bc1 29. Qe2 h5 30. g3 g6 31. Kh2 Kg7 32. Bg2 Qc3 33. Be1 Qa3 34. Qd1 Bb2 35. Qd2 Bd4 36. Qb4 Qa2 37. Rd1 1-0

[Event "EIRCC 2019"]
[Site "Tallinn"]
[Date "2019.12.05"]
[Round "7.33"]
[White "Chibukhchyan, Erik"]
[Black "Pershin, Denis"]
[Result "1-0"]
[ECO "D12"]
[WhiteElo "2211"]
[BlackElo "2509"]
[Annotator "ChessBase"]
[PlyCount "77"]
[EventDate "2019.12.05"]
[EventType "swiss"]
[EventCountry "EST"]
[SourceTitle "playchess.com"]
[Source "ChessBase"]
[SourceQuality "1"]
[TimeControl "900+10"]

1. d4 Nf6 2. Nf3 d5 3. e3 c6 4. c4 Bf5 5. Nc3 e6 6. Nh4 Be4 7. f3 Bg6 8. Nxg6 hxg6 9. Qb3 Qc7 10. g3 Bd6 11. f4 g5 12. Bg2 g4 13. Bd2 Nbd7 14. O-O-O O-O-O 15. e4 dxe4 16. Nxe4 Nxe4 17. Bxe4 Rh5 18. Qe3 Rdh8 19. Qe2 Nf6 20. Bc2 c5 21. dxc5 Rxc5 22. Be3 Rc6 23. Kb1 Bc5 24. Bc1 Rd6 25. Rxd6 Qxd6 26. Rd1 Qc6 27. f5 Qf3 28. Qe5 Qc6 29. fxe6 fxe6 30. Bf4 Nd7 31. Rxd7 Kxd7 32. Qxg7+ Be7 33. Qxh8 Qh1+ 34. Bc1 Bc5 35. Qh7+ Kc8 36. Qe4 Qxe4 37. Bxe4 Bg1 38. Bf4 Bxh2 39. Kc2 1-0